 Dungeon Crawl Stone Soup version 0.20-a0-942-ga5226df (webtiles) character file.

1659 M4edhros the Insei (level 9, -6/58 HPs)
             Began as an Octopode Necromancer on Apr 1, 2017.
             Was a Priest of Cheibriados.
             Mangled by a yak (16 damage)
             ... on level 7 of the Dungeon.
             The game lasted 00:30:57 (2902 turns).

M4edhros the Insei (Octopode Necromancer)           Turns: 2902, Time: 00:30:58

Health: -6/58      AC:  3    Str: 13    XL:     9   Next: 0%
Magic:  1/12       EV: 16    Int: 24    God:    Cheibriados [***...]
Gold:   238        SH:  0    Dex: 21    Spells: 1/12 levels left

rFire    + . .     SeeInvis .     - Unarmed
rCold    . . .     Gourm    .   (no shield)
rNeg     . . .     Faith    .   (helmet restricted)
rPois    .         Spirit   .   (no amulet)
rElec    .         Reflect  .   (no ring)
rCorr    .         Harm     .   (no ring)
MR       .....                  (no ring)
Stlth    +++++.....             (no ring)
Regen    0.2/turn               (no ring)
MPRegen  0.2/turn               (no ring)
                                (no ring)
                                (no ring)

@: very slow
A: almost no armour, stealthy swim, amphibious, 8 rings, constrict 8, yellow
scales 1, camouflage 1, fire resistance 1, gelatinous body 1
a: Bend Time, Temporal Distortion, Renounce Religion


You were on level 7 of the Dungeon.
You worshipped Cheibriados.
Cheibriados was most pleased with you.
You were hungry.

You visited 2 branches of the dungeon, and saw 8 of its levels.

You collected 238 gold pieces.

Inventory:

Hand Weapons
 e - a +0 scythe of slicing
 q - a +2 dagger of pain
 s - a +0 hand axe of electrocution
 t - a +0 dagger of venom
Missiles
 c - 214 stones (quivered)
Wands
 g - a wand of iceblast (7/15)
 p - a wand of flame (18/48)
Scrolls
 h - a scroll of enchant weapon
 j - 6 scrolls of amnesia
 m - a scroll of identify
 o - 2 scrolls of enchant armour
 w - a scroll of remove curse
Potions
 i - a potion of flight
 r - a potion of mutation
Books
 a - a book of Necromancy

   Spells                             Type                      Level
   a - Pain                           Necromancy                   1
   b - Animate Skeleton               Necromancy                   1
   c - Vampiric Draining              Necromancy                   3
   d - Regeneration                   Charms/Necromancy            3
   e - Animate Dead                   Necromancy                   4
   f - Control Undead                 Necromancy                   4
 u - a book of Maledictions

   Spells                             Type                      Level
   a - Corona                         Hexes                        1
   b - Ensorcelled Hibernation        Hexes/Ice                    2
   c - Confuse                        Hexes                        3
   d - Tukima's Dance                 Hexes                        3
   e - Dazzling Spray                 Conjuration/Hexes            3
Comestibles
 b - 4 bread rations
 f - 2 chunks of flesh
 l - 2 royal jellies
 n - 2 meat rations


   Skills:
 + Level 4.0 Fighting
 + Level 4.0 Dodging
 + Level 5.6 Stealth
 + Level 6.5 Unarmed Combat
 - Level 2.0 Spellcasting
 * Level 5.4 Hexes
 - Level 1.4 Charms
 - Level 4.0 Necromancy


You had one spell level left.
You knew the following spells:

 Your Spells              Type           Power        Failure   Level  Hunger
a - Pain                  Necr           ###.         1%          1    #......
b - Animate Skeleton      Necr           N/A          1%          1    #......
c - Regeneration          Chrm/Necr      ###.......   14%         3    ###....
d - Confuse               Hex            ####....     4%          3    ###....
e - Tukima's Dance        Hex            ####....     4%          3    ###....


Dungeon Overview and Level Annotations

Branches:
Dungeon (7/15)             Temple (1/1) D:4

Altars:
Ashenzari
Cheibriados
Okawaru
Xom
Yredelemnul
Zin
The Shining One

Shops:
D:4 %


Innate Abilities, Weirdness & Mutations

You cannot wear most types of armour.
You are very stealthy in the water. (Stealth+)
You are amphibious.
You can wear up to eight rings at the same time.
You can use your tentacles to constrict eight enemies at once.
Your skin changes colour to match your surroundings (Stealth+).
Your rubbery body absorbs attacks. (AC +1, EV +1)
You are partially covered in yellow scales. (AC +2)
Your flesh is heat resistant. (rF+)


Message History

Press: ? - help, Shift-Dir - straight line, f/p - yak
Aim: a yak (heavily wounded, chance to defeat MR: 57%)
The yak resists with significant effort.
You are feeling hungry.
The yak gores you.
* * * LOW HITPOINT WARNING * * *
Okay, then.
Evoke which item? (* to show all) (? for menu, Esc to quit)
Okay, then.
Your skin stops crawling.
Evoke which item? (* to show all) (? for menu, Esc to quit)
Aiming: Throw Flame
Press: ? - help, Shift-Dir - straight line, f/p - yak
Aim: a yak (heavily wounded)
The puff of flame hits the yak.
The yak is heavily wounded.
This wand has 18 charges left.
The yak is engulfed in a cloud of scalding steam.
The yak gores you!
You die...

......#,,,,,,,..#.........*
......#,,,,,,,#(#.........*
......#*#######...........*
....!.# #.................*
......# #.................*
......# #........>.....)#**
####### #...............#* .....#
#..###'###.......# .....#
#,,#≈≈†Y@####....# .<...#
*,,#≈.)%≈# #....# .....#
*,,#≈...≈# *....# .....#
*,,#≈...≈# *,...#
.....#*#####≈#.#≈######..#
.....#*≈≈≈≈≈≈#.#≈≈≈≈≈≈#..# #
.....##≈...###.###...≈#.Y########
......+...............+.YY%r..##.
......#≈...###.###...≈#..####...#


You could see a yak.

Vanquished Creatures
  Sigmund (D:6)
  A yak (D:7)
  Edmund (D:4)
  A sky beast (D:6)
  2 orc warriors
  A phantom (D:7)
  An ogre (D:4)
  Blork the orc (D:5)
  An electric eel (D:7)
  A quasit (D:7)
  2 bullfrog skeletons
  2 hounds
  2 iguanas
  Ijyb (D:5)
  A worker ant (D:7)
  4 hell rats (D:7)
  An orc wizard (D:7)
  A hound zombie (D:6)
  A worker ant zombie (D:7)
  10 adders
  3 river rats (D:7)
  An ooze (D:4)
  2 worms (D:2)
  3 leopard geckos
  10 orcs
  2 giant cockroaches
  5 goblins
  6 hobgoblins
  9 jackals
  3 kobolds
  3 quokkas (D:7)
  A ball python (D:2)
  3 bats
  4 frilled lizards
  12 rats
103 creatures vanquished.

Vanquished Creatures (collateral kills)
  2 scorpions
  A crimson imp (D:6)
  A worker ant (D:4)
  The ghost of M4edhros the Grave Robber, a weakling OpNe (D:4)
  2 dart slugs (D:4)
  A leopard gecko (D:4)
  An orc (D:4)
  A goblin (D:3)
  3 jackals (D:4)
  A quokka (D:4)
14 creatures vanquished.

Grand Total: 117 creatures vanquished

Notes
Turn   | Place    | Note
-------+----------+-------------------------------------------
     0 | D:1      | M4edhros the Octopode Necromancer began the quest for the Orb.
     0 | D:1      | Reached XP level 1. HP: 11/11 MP: 3/3
   155 | D:2      | Reached skill level 1 in Unarmed Combat
   284 | D:1      | Reached XP level 2. HP: 16/17 MP: 3/5
   315 | D:1      | Learned a level 1 spell: Animate Skeleton
   406 | D:2      | Reached skill level 2 in Unarmed Combat
   478 | D:2      | Reached XP level 3. HP: 8/21 MP: 4/6
   483 | D:2      | Learned a level 3 spell: Regeneration
   601 | D:3      | Gained mutation: Your flesh is heat resistant. (rF+) [potion of mutation]
   601 | D:3      | Gained mutation: You are partially covered in yellow scales. (AC +2) [potion of mutation]
   607 | D:3      | Reached skill level 3 in Unarmed Combat
   722 | D:3      | Found a shimmering altar of Xom.
   793 | D:3      | Reached XP level 4. HP: 13/27 MP: 5/7
   839 | D:4      | Noticed M4edhros's ghost (weakling OpNe)
   973 | D:4      | Reached skill level 4 in Unarmed Combat
  1034 | D:4      | Killed M4edhros's ghost
  1034 | D:4      | Reached XP level 5. HP: 4/31 MP: 1/8
  1100 | D:4      | Found a staircase to the Ecumenical Temple.
  1126 | Temple   | Entered the Ecumenical Temple
  1140 | Temple   | Became a worshipper of Cheibriados the Contemplative
  1172 | D:4      | Found a glowing golden altar of the Shining One.
  1176 | D:4      | Reached skill level 5 in Unarmed Combat
  1197 | D:4      | Learned a level 3 spell: Confuse
  1559 | D:4      | Noticed an ogre
  1562 | D:4      | Noticed Edmund
  1571 | D:4      | Killed an ogre
  1571 | D:4      | Reached skill level 1 in Fighting
  1571 | D:4      | Reached skill level 1 in Hexes
  1571 | D:4      | Reached XP level 6. HP: 6/38 MP: 6/9
  1582 | D:4      | Killed Edmund
  1582 | D:4      | Reached skill level 1 in Charms
  1703 | D:4      | Reached XP level 7. HP: 39/44 MP: 3/10
  1716 | D:4      | Found Usoosat's Food Shop.
  1747 | D:5      | Entered Level 5 of the Dungeon
  1765 | D:5      | Reached * piety under Cheibriados
  1846 | D:5      | Noticed Ijyb
  1861 | D:5      | Killed Ijyb
  1938 | D:5      | Noticed Blork the orc
  1950 | D:5      | Killed Blork the orc
  1991 | D:6      | Found a glowing silver altar of Zin.
  2242 | D:6      | Noticed Sigmund
  2280 | D:6      | Killed Sigmund
  2280 | D:6      | Reached XP level 8. HP: 48/51 MP: 4/11
  2353 | D:6      | Reached skill level 6 in Unarmed Combat
  2628 | D:7      | Reached ** piety under Cheibriados
  2740 | D:7      | Reached skill level 5 in Stealth
  2749 | D:7      | Learned a level 3 spell: Tukima's Dance
  2769 | D:7      | Noticed a yak
  2775 | D:7      | Noticed a yak
  2784 | D:7      | Noticed a yak
  2786 | D:7      | Reached skill level 5 in Hexes
  2897 | D:7      | Killed a yak
  2897 | D:7      | Reached *** piety under Cheibriados
  2897 | D:7      | Reached XP level 9. HP: 12/58 MP: 6/12
  2902 | D:7      | Mangled by a yak

Vault maps used:
D:1:      tarquinn_simple_flora_water_e
D:3:      first_bread, xom_teletrap_fun
D:4:      nicolae_tso_carved_into_rock, kennysheep_mini_moat,
          minmay_temple_entry_mist, serial_shops, nicolae_shop_waterfront,
          grunt_decor_resistance, uniq_edmund
D:5:      kennysheep_mini, uniq_blork_the_orc, uniq_iyjb
D:6:      zin_academy, serial_glass, glass_columns_c, glass_columns_b,
          uniq_sigmund
D:7:      lemuel_ratsnest, lemuel_crystal_altar, kennysheep_minor_cross
Temple:   eino_temple_rhombus

Skill      XL: |  1  2  3  4  5  6  7  8 |
---------------+-------------------------+-----
Unarmed Combat | 1 2 3 4 5 6 |  6.5
Fighting       | 1 2 4 |  4.0
Hexes          | 1 2 3 5 |  5.4
Charms         | 1 |  1.4
Stealth        | 4 5 |  5.6
Dodging        | 3 4 |  4.0
Spellcasting   | |  2.0
Necromancy     | |  4.0

Action                   |  1- 3 |  4- 6 |  7- 9 || total
-------------------------+-------+-------+-------++-------
Melee: Unarmed           |    64 |    52 |   180 ||   296
       Constrict         |    15 |    12 |    38 ||    65
       Tentacles         |     6 |    13 |    41 ||    60
       Dagger            |       |    22 |       ||    22
       Punch             |       |     1 |    15 ||    16
Throw: Stone             |       |       |     1 ||     1
 Cast: Pain              |    22 |     3 |     4 ||    29
       Animate Skeleton  |     7 |    11 |    19 ||    37
       Regeneration      |     5 |    11 |    17 ||    33
       Confuse           |       |     1 |     3 ||     4
Evoke: Wand              |       |       |    12 ||    12
  Use: Potion            |     4 |     3 |     4 ||    11
       Scroll            |       |       |    10 ||    10
 Stab: Sleeping          |     7 |     3 |     7 ||    17
       Distracted        |     1 |     1 |       ||     2
  Eat: Chunk             |     1 |     5 |     6 ||    12
Armor: Skin              |     6 |    16 |    24 ||    46
Dodge: Dodged            |    41 |    45 |   128 ||   214
